 Dungeon Crawl Stone Soup version 0.16-a0-3134-g9b1347a (webtiles) character file.

96 PolkaDot the Caller (level 4, 0/34 HPs)
             Began as a Vampire Summoner on Dec 14, 2014.
             Succumbed to a worker ant's poison
             ... on level 3 of the Dungeon.
             The game lasted 00:05:40 (2032 turns).

PolkaDot the Caller (Vampire Summoner)              Turns: 2032, Time: 00:05:40

Health: 0/34       AC:  3    Str:  7    XL:     4   Next: 41%
Magic:  2/7        EV: 12    Int: 18    God:
Gold:   54         SH:  0    Dex: 14    Spells: 3 memorised, 1 level left

rFire  + . .     SeeInvis +     j - +0 spear
rCold  + . .     Clarity  .     a - +0 robe
rNeg   + . .     SustAb   .     (no shield)
rPois  +         Gourm    .     (no helmet)
rElec  +         Spirit   .     h - +0 cloak
rCorr  +         Warding  .     (no gloves)
rMut   .         Stasis   .     (no boots)
MR     .....                    (no amulet)
Stlth  ++........               (no ring)
                                (no ring)

@: lethally poisoned, resistant, very slightly contaminated, not resistant to
hostile enchantments, unstealthy
A: bottle blood, fangs 3, see invisible, unbreathing
a: Bat Form


You were on level 3 of the Dungeon.
You were not thirsty.

You visited 1 branch of the dungeon, and saw 3 of its levels.

You collected 54 gold pieces.

Inventory:

Hand weapons
 j - a +0 spear (weapon)
Armour
 a - a +0 robe (worn)
 h - a +0 cloak (worn)
Scrolls
 c - 2 scrolls of identify
 d - a scroll of magic mapping
 e - a scroll of immolation
 f - a scroll of fog
Books
 b - a book of Callings

   Spells                             Type                      Level
   a - Summon Small Mammal            Summoning                    1
   b - Call Imp                       Summoning                    2
   c - Call Canine Familiar           Summoning                    3
   d - Summon Guardian Golem          Hexes/Summoning              4
   e - Summon Lightning Spire         Summoning/Air                4
   f - Summon Ice Beast               Ice/Summoning                4
 m - a book of Battle

   Spells                             Type                      Level
   a - Infusion                       Charms                       1
   b - Shroud of Golubria             Charms/Translocation         2
   c - Song of Slaying                Charms                       2
   d - Spectral Weapon                Hexes/Charms                 3
   e - Regeneration                   Charms/Necromancy            3


   Skills:
 + Level 2.4 Fighting
 - Level 2.1 Dodging
 - Level 3.0 Stealth
 - Level 2.0 Spellcasting
 * Level 5.0 Summonings


You had one spell level left.
You knew the following spells:

 Your Spells              Type           Power        Failure   Level  Hunger
d - Call Canine Familiar  Summ           ###.....     10%         3    ###....
s - Call Imp              Summ           ###.....     3%          2    ###....
z - Summon Small Mammal   Summ           ###.         1%          1    #......


Dungeon Overview and Level Annotations

Branches:
Dungeon (3/15)

Altars:
Fedhas


Innate Abilities, Weirdness & Mutations

You can bottle blood from corpses.
You have razor-sharp teeth.
You have supernaturally acute eyesight.
You can survive without breathing.


Message History

As you read the scroll of identify, it crumbles to dust.
f - a scroll of fog Read which item? (? for menu, Esc to quit)
Identify which item? (\ to view known items) (? for menu, Esc to quit)
As you read the scroll of identify, it crumbles to dust.
l - a scroll of teleportation Read which item? (? for menu, Esc to quit)
As you read the scroll of teleportation, it crumbles to dust.
You feel strangely unstable.
* * * LOW HITPOINT WARNING * * *
You feel sick.
You swap places.
You flicker back into view.
Your surroundings seem slightly different.
* * * LOW HITPOINT WARNING * * *
You feel sick.
Read which item? (? for menu, Esc to quit)
Okay, then.
Your shadow imp says, "The Orb is all yours."
You die...

...........#,,,...,,,,,,,,*,,,**,
.........#,,.........,,,,,*,,,,,,
...>.....#*...........,,,,,,,,,,,
#........##............,,,,,,,,,,
#...........>...........,,,,,,,,,
#..............(........,,,,,,,,,
#...)...................,,,,,,,,,
#.......................#**,,,,,,
#....#.......#..@.......#***,,,,,
#....#.......#...........,,,,*+**
#....#.§.....#..........,,,,,,,,,
#.......5....h...#≈#....,,,,,,,,,
#.......5........#≈#,...,,,,,,,,,
#..#.)†......?...#≈#,,.,,,,,,,,,,
...#.............#≈#,,,,,,,,,,,,,
#..#.............#≈*,,,,*,**,,,,,
#..#............##≈**,*,*,**,,,,,


You could see a friendly hound.

Vanquished Creatures
  A worker ant (D:3)
  2 gnolls (D:2)
  3 giant geckos (D:2)
  An ooze (D:2)
  A ball python (D:2)
  4 bats
  2 goblins (D:2)
  3 hobgoblins
  5 giant newts
  7 kobolds
  A rat (D:1)
30 creatures vanquished.

Vanquished Creatures (collateral kills)
  Ijyb (D:2)
  2 gnolls (D:2)
  An adder (D:2)
  An orc (D:3)
  2 hobgoblins
  A kobold (D:1)
8 creatures vanquished.

Vanquished Creatures (others)
  A white imp (D:2)
  A bat (D:1)
2 creatures vanquished.

Grand Total: 40 creatures vanquished

Notes
Turn   | Place    | Note
--------------------------------------------------------------
     0 | D:1      | PolkaDot, the Vampire Summoner, began the quest for the Orb.
     0 | D:1      | Reached XP level 1. HP: 13/13 MP: 3/3
   577 | D:1      | Reached skill level 1 in Fighting
   620 | D:1      | Reached XP level 2. HP: 15/21 MP: 4/4
   867 | D:1      | Learned a level 2 spell: Call Imp
   893 | D:2      | Noticed Ijyb
   901 | D:2      | Killed Ijyb
  1190 | D:2      | Reached XP level 3. HP: 25/27 MP: 1/6
  1301 | D:2      | Learned a level 3 spell: Call Canine Familiar
  1485 | D:2      | Reached XP level 4. HP: 30/33 MP: 7/7
  1992 | D:3      | Found a blossoming altar of Fedhas.
  2014 | D:3      | Reached skill level 5 in Summonings
  2025 | D:3      | HP: 1/34 [poisoned by a worker ant]
  2032 | D:3      | Succumbed to a worker ant's poison

Action                   |  1- 3 |  4- 6 || total
-------------------------+-------+-------++-------
Melee: Unarmed           |    23 |       ||    23
       Dagger            |    54 |       ||    54
       Spear             |    27 |    53 ||    80
 Cast: Summon Small Mamm |     6 |       ||     6
       Call Imp          |     6 |     2 ||     8
       Call Canine Famil |     1 |     1 ||     2
  Use: Potion            |     1 |     3 ||     4
       Scroll            |       |     5 ||     5
 Stab: Sleeping          |     1 |     1 ||     2
       Distracted        |     1 |       ||     1
  Eat: Corpse            |     7 |     1 ||     8
